 Dungeon Crawl Stone Soup version 0.29.1-15-g9cfb28693d (webtiles) character file.

Game seed: 672665788380369486

15559 buriedalive the Fighter (level 12, -1/106 (111) HPs)
             Began as a Merfolk Ice Elementalist on Feb 24, 2023.
             Was an Elder of Ashenzari.
             Slain by a large abomination (4 damage)
             ... on level 2 of the Abyss on Feb 25, 2023.
             The game lasted 00:50:55 (15612 turns).

buriedalive the Fighter (Merfolk Ice Elementalist) Turns: 15612, Time: 00:50:55

HP:   -1/106 (111)  AC: 11    Str:  8    XL:     12   Next: 28%
MP:   29/29         EV: 20    Int: 18    God:    Ashenzari [****..]
Gold: 761           SH:  0    Dex: 22    Spells: 15/22 levels left

rFire   . . .      SeeInvis +   s - +2 scimitar "Share My Monotheism" {freeze, Fort, Evo} (curse)
rCold   . . .      Faith    .   (no shield)
rNeg    . . .      Spirit   .   G - +3 leather armour "Bound Prison" {Comp, Range} (curse)
rPois   .          Reflect  .   C - +2 helmet of the Tethered Planets {Self, Fort} (curse)
rElec   .          Harm     .   E - +0 cloak of the Chained Sphere {Evo, Bglg} (curse)
rCorr   .          Rampage  .   (no gloves)
Will    .....      Clarity  +   (no boots)
Stlth   ++........              r - amulet of Star-Bound Wisdom {Acrobat, Bglg, Melee} (curse)
HPRegen 0.00/turn               d - ring "Oracular Seer" {Dex+6, Alch, Bglg} (curse)
MPRegen 0.21/turn               g - ring of magical power

@: about to teleport, sick, lightly drained
A: (nimble swimmer 2), mertail
a: Renounce Religion, Shatter the Chains


You were on level 2 of the Abyss.
You worshipped Ashenzari.
Ashenzari was greatly pleased with you.
You visited 2 branches of the dungeon, and saw 14 of its levels.
You visited the Abyss 1 time.
You also visited: Gauntlet.

You collected 761 gold pieces.

Inventory:

Hand Weapons
 c - a +0 dagger of flaming
 s - the cursed +2 scimitar "Share My Monotheism" (weapon) {freeze, Fort, Evo}
   (You took it off a wight on level 7 of the Dungeon)

   It freezes those it strikes, dealing additional cold damage.
   It can also slow down cold-blooded creatures.
   It has a curse which improves the following skills: Fortitude: Armour and
   Shields.
   Evocations: Evocations.
 H - the +0 long sword of Vodka {holy, rN+ Will- Str+3}
   (You found it on level 12 of the Dungeon)

   It has been blessed by the Shining One to cause great damage to the undead
   and demons.
   Str:       It affects your strength (+3).
   rN:        It protects you from negative energy.
   Will:      It decreases your willpower.
Missiles
 q - 21 poisoned darts
 F - 7 javelins
Armour
 a - a +1 robe
 C - the cursed +2 helmet of the Tethered Planets (worn) {Self, Fort}
   (You found it on level 10 of the Dungeon)

   It has a curse which improves the following skills: Introspection: Fighting
   and Spellcasting.
   Fortitude: Armour and Shields.
 E - the cursed +0 cloak of the Chained Sphere (worn) {Evo, Bglg}
   (You took it off Maurice on level 11 of the Dungeon)

   It has a curse which improves the following skills: Evocations: Evocations.
   Beguiling: Conjurations, Hexes and Translocations.
 G - the cursed +3 leather armour "Bound Prison" (worn) {Comp, Range}
   (You found it on level 11 of the Dungeon)

   It has a curse which improves the following skills: Companions: Summonings
   and Necromancy.
   Ranged Combat: Ranged Weapons and Throwing.
Magical Staves
 e - a staff of conjuration
 m - a staff of poison
Jewellery
 d - the cursed ring "Oracular Seer" (left hand) {Dex+6, Alch, Bglg}
   (You found it on level 1 of the Dungeon)

   [ring of dexterity]

   Dex:       It affects your dexterity (+6).
   It has a curse which improves the following skills: Alchemy: Poison Magic and
   Transmutations.
   Beguiling: Conjurations, Hexes and Translocations.
 g - a ring of magical power (right hand)
 i - a +6 ring of strength
 n - a +4 ring of protection
 r - the cursed amulet of Star-Bound Wisdom (around neck) {Acrobat, Bglg, Melee}
   (You found it on level 6 of the Dungeon)

   [amulet of the acrobat]

   It increases your evasion while moving and waiting.
   It has a curse which improves the following skills: Beguiling: Conjurations,
   Hexes and Translocations.
   Melee Combat: Short Blades, Long Blades, Axes, Maces & Flails, Polearms,
   Staves and Unarmed Combat.
 J - a +6 ring of intelligence
Wands
 o - a wand of paralysis (13)
 u - a wand of roots (39)
 y - a wand of light (9)
 D - a wand of flame (7)
Scrolls
 f - a scroll of magic mapping
 h - 4 scrolls of teleportation
 k - a scroll of butterflies
 l - a scroll of fear
 v - a scroll of vulnerability
Potions
 b - 6 potions of magic
 j - 2 potions of cancellation
 t - 3 potions of brilliance
 w - a potion of mutation
 z - 2 potions of haste
 A - a potion of might
 B - a potion of ambrosia
Miscellaneous
 I - a phial of floods


   Skills:
 + Level 13.9(15.8) Fighting
 + Level 1.7(3.1) Long Blades
 - Level 3.4(6.0) Armour
 - Level 12.0 Dodging
 - Level 2.1 Stealth
 - Level 4.0(5.8) Spellcasting
 - Level 12.0 Ice Magic


You had 15 spell levels left.
You knew the following spells:

 Your Spells              Type           Power      Damage    Failure   Level
a - Freeze                Ice            100%       1d11      1%          1
b - Ozocubu's Armour      Ice            48%        N/A       1%          3
c - Frozen Ramparts       Ice            96%        1d15      1%          3

Your spell library contained the following spells:

 Spells                   Type           Power      Damage    Failure   Level
 Hailstorm                Conj/Ice       27%        3d7       13%         4
 Metabolic Englaciation   Hex/Ice        13%        N/A       34%         5
 Petrify                  Tmut/Erth      5%         N/A       85%         4
 Statue Form              Tmut/Erth      3%         N/A       100%        6
 Chain Lightning          Conj/Air       3%         3d4       100%        9
 Fire Storm               Conj/Fire      3%         8d1       100%        9
 Shatter                  Erth           2%         3d6*      100%        9


Dungeon Overview and Level Annotations

Branches:
Dungeon (13/15)            Temple (1/1) D:6            Lair (0/5) D:11
    Orc (0/2) D:12         Vaults (0/5) D:13        Gauntlet (visited)

Altars:
Ashenzari
Cheibriados
Dithmenos
Elyvilon
Fedhas
Gozag
Hepliaklqana
Kikubaaqudgha
Makhleb
Nemelex Xobeh
Okawaru
Qazlal
Ru
Sif Muna
Trog
Uskayaw
Vehumet
Wu Jian
Xom
Yredelemnul
Zin
The Shining One

Shops:
D:1 [?:[   D:6 [   D:12 (

Annotations:
D:6 3 runed translucent doors, KittyFluff's ghost, novice GrBe


Innate Abilities, Weirdness & Mutations

((You are very nimble when in or above water. (Stealth+, EV+, Speed+++)))
Your lower body shifts to a powerful aquatic tail in water.


Message History

A lich comes into view.
The lich shouts!
A small abomination comes into view.
A dread lich comes into view.
The dread lich shouts!
A large abomination comes into view.
The dread lich points at you and mumbles some strange words.
You suddenly lose the ability to move!
Your extra speed is starting to run out.
The dread lich mumbles some strange words.
The dread lich flickers and vanishes for a moment.
An ancient zyme comes into view.
You feel yourself growing ill in the presence of the ancient zyme.
You can move again.
As you read the scroll of teleportation, it crumbles to dust.
You feel strangely unstable.
You feel the power of the Abyss delaying your translocation!
You feel yourself slow down.
The large abomination closely misses you.
The dread lich closely misses you.
You feel better. The large abomination hits you!!
* * * LOW HITPOINT WARNING * * *
The dread lich touches you!
* * * LOW HITPOINT WARNING * * *
You feel drained.
* * * LOW HITPOINT WARNING * * *
You feel better.
You feel ill. The large abomination hits you!
* * * LOW HITPOINT WARNING * * *
The dread lich touches you but does no damage.
Unknown command.
You feel better.
The large abomination barely misses you.
The dread lich touches you.
* * * LOW HITPOINT WARNING * * *
You feel drained.
* * * LOW HITPOINT WARNING * * *
You feel better. The ancient zyme misses you. The ancient zyme hits you!
* * * LOW HITPOINT WARNING * * *
The large abomination hits you.
You die...

# #.####.#.#### ##.
*. # * * * ... .##..
##..# .#.., **** #
#...#...#......#*#..
, .# ....
#.#..#.####., ,*
..#. .....##..#.#. ,
*, # ## #..#....#.#
, # #. ..###...#..#
, , * .
....##...Lx#,,, ,,,
, #.# .. #..#.#@#.,,
** * .*
###.##.#X...# , * ,
. , ,, ...#...#, ,,
,* , ,, *
,,,#....#..#...*, ,
,* * ,###.#. .....
** * * , #.,. .... ,
, , #. .*,..##*, , *
, * ## ..*#.# , * ,
* *, , ,* , * *,


You could see a dread lich (invisible), an ancient zyme and a large abomination.

Vanquished Creatures
  A rakshasa (Abyss:2)
  A boulder beetle (D:9)
  4 two-headed ogres
  Urug (D:11)
  A wizard (D:13)
  A deep elf pyromancer (D:12)
  A cyclops (D:12)
  A manticore (D:9)
  Maurice (D:11)
  A gargoyle (D:13)
  Psyche (D:10)
  6 trolls
  16 humans (D:13)
  A shadow (D:10)
  A wyvern (D:8)
  10 yaks (D:11)
  2 wraiths
  2 steam dragons
  2 acid dragons
  Menkaure (D:4)
  2 black bears
  5 orc warriors
  3 ice beasts
  3 centaurs
  An ogre (D:7)
  2 phantoms
  Blork the orc (D:6)
  A necrophage (D:6)
  A gnoll sergeant (D:9)
  3 scorpions
  3 wights (D:7)
  9 killer bees
  3 howler monkeys
  2 gnoll boudas (D:6)
  2 orc priests
  4 hounds
  4 orc wizards
  An iguana (D:7)
  11 gnolls
  An adder (D:3)
  6 shadow imps
  3 white imps (D:8)
  3 ufetubi
  A worm (D:3)
  2 dart slugs
  22 orcs
  6 ball pythons
  10 endoplasms
  5 giant cockroaches
  6 goblins
  6 hobgoblins
  4 jackals (D:2)
  A quokka (D:3)
  3 bats
  3 frilled lizards (D:2)
  4 kobolds
  13 rats
215 creatures vanquished.

Vanquished Creatures (others)
  10 demonic plants (D:8)
  4 fungi (D:11)
  A plant (Gauntlet)
15 creatures vanquished.

Grand Total: 230 creatures vanquished

Notes
Turn   | Place    | Note
-------+----------+-------------------------------------------
     0 | D:1      | buriedalive the Merfolk Ice Elementalist began the quest
                  | for the Orb.
     0 | D:1      | Reached XP level 1. HP: 13/13 MP: 3/3
   305 | D:1      | Reached XP level 2. HP: 14/19 MP: 1/5
   351 | D:1      | Found Piod's Magic Scroll Emporium.
   428 | D:1      | Found Xauponk's Armour Shoppe.
   805 | D:1      | Reached XP level 3. HP: 17/24 MP: 6/6
   957 | D:1      | Reached skill level 5 in Ice Magic
   988 | D:1      | Found Xeplu's Book Boutique.
  1033 | D:1      | Found Evuschuja's Antique Armour Boutique.
  1859 | D:2      | Learned a level 3 spell: Ozocubu's Armour
  2343 | D:3      | Reached XP level 4. HP: 27/30 MP: 7/7
  3447 | D:4      | Noticed Menkaure
  3467 | D:4      | Killed Menkaure
  3468 | D:4      | Reached skill level 5 in Dodging
  3468 | D:4      | Reached XP level 5. HP: 11/35 MP: 8/8
  3822 | D:4      | Learned a level 3 spell: Frozen Ramparts
  3949 | D:4      | Identified the +1 chain mail of Onukloha {rF+ rN+}
  4080 | D:5      | Entered Level 5 of the Dungeon
  4088 | D:5      | Reached XP level 6. HP: 41/41 MP: 9/9
  4099 | D:5      | Noticed an ice beast
  4151 | D:5      | Killed an ice beast
  5320 | D:6      | Noticed an ice beast
  5324 | D:6      | Reached XP level 7. HP: 39/46 MP: 10/10
  5391 | D:6      | Found Pulihugi's Antique Armour Shoppe.
  5440 | D:6      | Found a bloodstained altar of Trog.
  5453 | D:6      | HP: 1/46 [gnoll bouda/+0 whip (11)]
  6004 | D:6      | Found a staircase to the Ecumenical Temple.
  6306 | D:6      | Found a runed translucent gate.
  6306 | D:6      | Found a runed translucent gate.
  6306 | D:6      | Found a runed translucent gate.
  6311 | D:6      | Noticed KittyFluff's ghost (novice GrBe)
  6395 | Temple   | Entered the Ecumenical Temple
  6508 | Temple   | Became a worshipper of Ashenzari the Shackled
  6550 | D:6      | Noticed Blork the orc
  6562 | D:6      | Killed Blork the orc
  6635 | D:6      | Reached XP level 8. HP: 47/52 MP: 11/11
  7172 | D:7      | Reached skill level 1 in Fighting
  7250 | D:7      | Reached skill level 10 in Dodging
  7423 | D:7      | Reached skill level 2 in Fighting
  7605 | D:7      | Reached skill level 3 in Fighting
  8552 | D:7      | Found an ornate altar of the Wu Jian Council.
  8553 | D:7      | Found a hazy altar of Hepliaklqana.
  8553 | D:7      | Found a glowing golden altar of the Shining One.
  8554 | D:7      | Found a glowing silver altar of Zin.
  8556 | D:7      | Found a hide-covered altar of Uskayaw.
  8556 | D:7      | Found an iron altar of Okawaru.
  8557 | D:7      | Found a snail-covered altar of Cheibriados.
  8584 | D:7      | Reached XP level 9. HP: 33/65 MP: 5/14
  9194 | D:8      | Reached skill level 4 in Fighting
  9219 | D:8      | Reached skill level 5 in Fighting
  9654 | D:8      | Reached * piety under Ashenzari
 10058 | D:9      | Noticed a two-headed ogre
 10066 | D:9      | Killed a two-headed ogre
 10067 | D:9      | Reached skill level 7 in Fighting
 10097 | D:9      | Reached skill level 8 in Fighting
 10441 | D:9      | Noticed a boulder beetle
 10629 | D:9      | Killed a boulder beetle
 10630 | D:9      | Reached skill level 9 in Fighting
 10630 | D:9      | Reached XP level 10. HP: 10/83 MP: 2/16
 11084 | D:9      | Noticed a manticore
 11093 | D:9      | Killed a manticore
 11414 | D:10     | Entered Level 10 of the Dungeon
 11425 | D:10     | Reached skill level 10 in Fighting
 11794 | D:10     | Noticed Psyche
 11856 | D:10     | Identified the cursed +2 scimitar "Share My Monotheism"
                  | {freeze, Fort, Evo} (You took it off a wight on level 7 of
                  | the Dungeon)
 11856 | D:10     | Identified the cursed ring "Oracular Seer" {Dex+6, Alch,
                  | Bglg} (You found it on level 1 of the Dungeon)
 11893 | D:10     | Found a shimmering altar of Xom.
 11895 | D:10     | Found an ancient bone altar of Kikubaaqudgha.
 11895 | D:10     | Found a snail-covered altar of Cheibriados.
 11897 | D:10     | Found a glowing silver altar of Zin.
 11897 | D:10     | Found a basalt altar of Yredelemnul.
 11897 | D:10     | Found a stormy altar of Qazlal.
 11918 | D:10     | Reached ** piety under Ashenzari
 11929 | D:10     | Killed Psyche
 12340 | D:11     | Reached skill level 11 in Fighting
 12457 | D:11     | Found a hide-covered altar of Uskayaw.
 12513 | D:11     | Noticed a two-headed ogre
 12521 | D:11     | Killed a two-headed ogre
 12522 | D:11     | Reached XP level 11. HP: 96/96 MP: 12/18
 12589 | D:11     | Reached skill level 10 in Ice Magic
 12621 | D:11     | Noticed a two-headed ogre
 12638 | D:11     | Killed a two-headed ogre
 13123 | D:11     | Reached skill level 12 in Fighting
 13238 | D:11     | Noticed Maurice
 13247 | D:11     | Killed Maurice
 13290 | D:11     | Noticed Urug
 13302 | D:11     | Killed Urug
 13848 | D:11     | Found a staircase to the Lair.
 13961 | D:12     | Identified the +0 long sword of Vodka {holy, rN+ Will-
                  | Str+3}
 13965 | D:12     | Found a gate leading to a gauntlet.
 13977 | Gauntlet | Entered a Gauntlet
 13977 | Gauntlet | Noticed a moth of wrath
 13977 | Gauntlet | Found a transporter.
 13984 | Gauntlet | Found a runed translucent door.
 13987 | Gauntlet | Found a transporter.
 13987 | Gauntlet | Found a transporter.
 14005 | Gauntlet | Found a transporter.
 14013 | Gauntlet | Found a transporter.
 14013 | Gauntlet | Identified the ring of Xusch {Drain rPois rC+ rCorr Int+9}
 14027 | Gauntlet | Noticed an orange crystal statue
 14031 | Gauntlet | Noticed an entropy weaver
 14034 | Gauntlet | Found a transporter.
 14035 | Gauntlet | Noticed a wolf spider
 14044 | Gauntlet | Identified the +1 pair of gloves of Ebiq {rPois Str+3}
 14046 | Gauntlet | Found a transporter.
 14051 | Gauntlet | Noticed a dire elephant
 14059 | Gauntlet | Noticed a fire crab
 14060 | Gauntlet | Found a transporter.
 14061 | Gauntlet | Identified the ring of the Thieving Gods {Wiz Fly}
 14075 | Gauntlet | Found a transporter.
 14083 | Gauntlet | Found a transporter.
 14088 | Gauntlet | Found a transporter.
 14137 | D:12     | Found a staircase to the Orcish Mines.
 14309 | D:12     | Noticed a cyclops
 14328 | D:12     | Killed a cyclops
 14329 | D:12     | Reached skill level 1 in Armour
 14523 | D:12     | Found Num Zouq's Weapon Emporium.
 14555 | D:12     | Noticed a deep elf pyromancer
 14559 | D:12     | Killed a deep elf pyromancer
 14632 | D:12     | Noticed a seven-headed hydra
 14715 | D:13     | Reached skill level 13 in Fighting
 14721 | D:13     | Noticed a two-headed ogre
 14729 | D:13     | Killed a two-headed ogre
 15064 | D:13     | Reached XP level 12. HP: 108/108 MP: 13/19
 15369 | D:13     | Found a gate to the Vaults.
 15369 | D:13     | Noticed a vault guard
 15369 | D:13     | Noticed a deep elf knight
 15382 | Abyss:2  | Cast into level 2 of the Abyss (a wizard)
 15384 | Abyss:2  | Reached *** piety under Ashenzari
 15460 | Abyss:2  | Noticed a rakshasa
 15485 | Abyss:2  | Killed a rakshasa
 15486 | Abyss:2  | Reached skill level 1 in Long Blades
 15519 | Abyss:2  | Noticed a starcursed mass
 15561 | Abyss:2  | Found a corrupted altar of Lugonu.
 15576 | Abyss:2  | Reached **** piety under Ashenzari
 15580 | Abyss:2  | Noticed a lich
 15600 | Abyss:2  | Noticed a dread lich
 15602 | Abyss:2  | Paralysed by a dread lich for 5 turns
 15610 | Abyss:2  | HP: 1/108 [large abomination (13)]
 15612 | Abyss:2  | Slain by a large abomination

Illustrated notes

Levels and vault maps discovered:
D:1:      minmay_arrival_plants_in_alcoves, layout_rooms, serial_shops,
          shop_fountains, shop_statue, nicolae_lakefront_shop, shop_scrolls,
          minmay_rat_gold_closets
D:2:      layout_basic, kennysheep_generic_room_3
D:3:      layout_loops_ring, kennysheep_decorative_pillar
D:4:      layout_cave_pools, uniq_menkaure
D:5:      layout_rooms
D:6:      layout_loops_ring, trog_three_pillars_becter,
          minmay_temple_entry_glass, serial_shops, shop, gammafunk_ghost_split,
          kennysheep_generic_room_14, uniq_blork_the_orc
D:7:      layout_loops_ring, grunt_temple_overflow_open
D:8:      layout_cave_pools, serial_demonic, serial_demonic_a, serial_demonic_f,
          serial_demonic_b, serial_demonic_g, serial_demonic_a
D:9:      layout_basic
D:10:     layout_loops_cross, doesnt_xom_only_xom, uniq_psyche
D:11:     nicolae_cairo_tiling_large, layout_rooms,
          grunt_lair_entry_orc_guard_hut, nicolae_uskayaw_dance_hall, uniq_urug,
          uniq_maurice
D:12:     nzn_winding_woodlands_large [nzn_winding_woodlands_5x5_three,
          nzn_winding_woodlands_5x15_parted,
          nzn_winding_woodlands_5x5_perimeter,
          nzn_winding_woodlands_center_lodge,
          nzn_winding_woodlands_15x15_killbox,
          nzn_winding_woodlands_center_pierced_h,
          nzn_winding_woodlands_5x5_closed_star,
          nzn_winding_woodlands_5x15_twine, nzn_winding_woodlands_hourglass],
          layout_gridville, david_orc_2, serial_shops, nicolae_square_shop,
          gauntlet_entry_generic
D:13:     layout_roguey, grunt_vaults_entry_tiered
Temple:   nicolae_temple_ecumenical_triangle
Abyss:2:  base: D:12, base: D:6, guppyfry_abyss_exit_glass_guarded

Skill      XL: |  1  2  3  4  5  6  7  8  9 10 11 12 |
---------------+-------------------------------------+-----
Dodging        | 3 4 5 7 8 10 12 | 12.0
Ice Magic      | 5 6 7 8 9 11 12 | 12.0
Fighting       | 3 9 11 13 | 13.9
Spellcasting   | 3 4 |  4.0
Armour         | 2 3 |  3.4
Long Blades    | 1 |  1.7
Stealth        | |  2.1

Action                   |  1- 3 |  4- 6 |  7- 9 | 10-12 || total
-------------------------+-------+-------+-------+-------++-------
Melee: Dagger            |    78 |   137 |   179 |       ||   394
       Unarmed           |     4 |       |       |       ||     4
       Punch             |       |     2 |     2 |     1 ||     5
       Scimitar          |       |       |    65 |   105 ||   170
 Cast: Freeze            |    30 |    33 |    46 |    53 ||   162
       Ozocubu's Armour  |       |     4 |    28 |    31 ||    63
       Frozen Ramparts   |       |       |    25 |    35 ||    60
Invok: Curse Item        |       |       |     2 |     4 ||     6
Evoke: Wand              |       |       |     6 |     3 ||     9
  Use: Scroll            |     3 |     7 |     5 |     3 ||    18
       Potion            |       |     6 |     5 |     6 ||    17
 Stab: Sleeping          |    18 |     2 |     5 |     2 ||    27
       Distracted        |       |     1 |       |       ||     1
Armor: Robe              |    14 |    28 |    48 |    16 ||   106
       Skin              |       |     9 |       |       ||     9
       Leather armour    |       |       |       |    12 ||    12
Dodge: Dodged            |    54 |   118 |   303 |   223 ||   698
